 Dungeon Crawl Stone Soup version 0.31.0-9-g3a7656b989 (webtiles) character file.

Game seed: 2643333645543464266

205 qw the Skirmisher (level 5, 0/30 HPs)
             Began as a Deep Elf Hunter on Feb 2, 2024.
             Slain by a gnoll
             ... wielding a +0 spear
              (7 damage)
             ... on level 3 of the Dungeon.
             The game lasted 00:00:04 (1172 turns).

qw the Skirmisher (Deep Elf Hunter)                 Turns: 1172, Time: 00:00:05

Health: 0/30       AC:  5    Str: 10    XL:     5   Next: 52%
Magic:  7/7        EV: 11    Int: 14    God:
Gold:   106        SH:  0    Dex: 18    Spells: 4/4 levels left

rFire   . . .        a - +0 shortbow
rCold   . . .        (shield currently unavailable)
rNeg    . . .        e - +0 ring mail
rPois   .            (no helmet)
rElec   .            (no cloak)
rCorr   .            (no gloves)
SInv    .            (no boots)
Will    .....        (no amulet)
Stlth   +            (no ring)
HPRegen 0.25/turn    (no ring)
MPRegen 0.10/turn

%: no passive effects
@: no status effects
A: no striking features
a: no special abilities


You were on level 3 of the Dungeon.
You visited 1 branch of the dungeon, and saw 3 of its levels.

You collected 106 gold pieces.


   Skills:
 + Level 1.7 Fighting
 - Level 9.0 Ranged Weapons
 - Level 2.4 Dodging
 - Level 1.2 Stealth


You had 4 spell levels left.
You didn't know any spells.
Your spell library was empty.

Inventory:

Hand Weapons
 a - a +0 shortbow (weapon)
Armour
 c - a +0 troll leather armour {Pargi}
 e - a +0 ring mail (worn)
Wands
 b - a wand of flame (11)
Potions
 f - a potion of attraction {unknown}
 h - a potion of berserk rage {unknown}
 i - a potion of invisibility {unknown}
 j - a potion of curing {unknown}

Dungeon Overview and Level Annotations

Branches:
Dungeon (3/15)

Altars:
Ru


Message History

The gnoll is lightly wounded.
The gnoll closely misses you. The gnoll hits you with a +0 club.
You shoot an arrow. The arrow closely misses the gnoll.
The gnoll hits you from afar with a +1 spear of flaming.
The gnoll burns you.
You shoot an arrow. The arrow hits the gnoll.
The gnoll is moderately wounded.
The gnoll hits you but does no damage.
The gnoll hits you from afar with a +0 spear.
The gnoll hits you from afar with a +1 spear of flaming.
The gnoll burns you.
You shoot an arrow.
The arrow hits the gnoll but does no damage.
The gnoll is moderately wounded.
The gnoll closely misses you.
The gnoll hits you from afar with a +0 spear.
The gnoll hits you from afar with a +1 spear of flaming.
The gnoll burns you.
1167 ||| DRINKING potion of heal wounds.
You feel much better.
The gnoll hits you from afar with a +0 spear.
The gnoll hits you with a +0 club. The gnoll closely misses you.
You shoot an arrow. The arrow hits the gnoll!
The gnoll is almost dead.
The gnoll hits you but does no damage. The gnoll completely misses you.
The gnoll closely misses you.
You shoot an arrow. The arrow hits the gnoll!
You kill the gnoll!
The gnoll closely misses you.
The gnoll hits you from afar with a +0 spear.
Your Ranged Weapons skill increases to level 9!
You shoot an arrow. The arrow closely misses the gnoll.
The gnoll barely misses you. The gnoll closely misses you.
You shoot an arrow. The arrow hits the gnoll.
You kill the gnoll!
The gnoll hits you from afar with a +0 spear.
You shoot an arrow. The arrow hits the gnoll!
The gnoll is severely wounded.
The gnoll hits you from afar with a +0 spear!
You die...

...###. ....... .......
....... ..$....
##)g..... ##))......
#.@....... #.#.......
#.############### #.#
#<......# ###.#
#.......#
..###...#######.......#
..............#.......#
##..........#.#.......#
#............%.....).#


You could see a gnoll.

Vanquished Creatures
  Pargi (D:3)
  Terence (D:2)
  3 gnolls (D:3)
  An adder (D:2)
  A ribbon worm (D:2)
  An orc (D:3)
  A ball python (D:2)
  3 endoplasms (D:2)
  A giant cockroach (D:3)
  4 goblins
  6 hobgoblins
  4 jackals (D:2)
  6 kobolds
  A quokka (D:2)
  4 bats
  A frilled lizard (D:1)
  4 rats
43 creatures vanquished.

Notes
Turn   | Place    | Note
-------+----------+-------------------------------------------
     0 | D:1      | qw the Deep Elf Hunter began the quest for the Orb.
     0 | D:1      | Reached XP level 1. HP: 12/12 MP: 3/3
     0 | D:1      | 0 ||| qw: Version: 0.3-a-155-g5e7d8dd
     0 | D:1      | 0 ||| qw: Game counter: 2553
     0 | D:1      | 0 ||| qw: Melee chars always use a shield: true
     0 | D:1      | 0 ||| qw: God list: Okawaru
     0 | D:1      | 0 ||| qw: Allow faded altars: false
     0 | D:1      | 0 ||| qw: Do Orc after clearing Dungeon:15 true
     0 | D:1      | 0 ||| qw: Do second Lair branch before Depths: true
     0 | D:1      | 0 ||| qw: Lair rune preference: random
     0 | D:1      | 0 ||| qw: Goals: Normal
     0 | D:1      | 0 ||| PLANNING D:1-11
   164 | D:1      | Reached XP level 2. HP: 16/16 MP: 4/4
   166 | D:1      | Reached skill level 6 in Ranged Weapons
   506 | D:1      | 506 ||| UPGRADING to +0 ring mail.
   516 | D:1      | 516 ||| DROPPING +0 leather armour.
   517 | D:1      | 517 ||| READING scroll labelled SUSO HEBUOXEAC.
   518 | D:1      | 518 ||| READING 2 scrolls labelled FYAGAU KUILEOT.
   519 | D:1      | 519 ||| READING scroll labelled OLOTOO PIEGO.
   519 | D:1      | 519 ||| IDENTIFYING fizzy white potion
   520 | D:1      | 520 ||| DROPPING scroll of butterflies.
   521 | D:1      | 521 ||| DROPPING scroll of fog.
   585 | D:2      | Found a sacrificial altar of Ru.
   586 | D:2      | Noticed Terence
   597 | D:2      | Killed Terence
   598 | D:2      | Reached skill level 7 in Ranged Weapons
   598 | D:2      | Reached XP level 3. HP: 7/20 MP: 5/5
   806 | D:2      | Reached XP level 4. HP: 25/25 MP: 6/6
   999 | D:2      | 999 ||| READING scroll labelled UJIRIKUUCE.
  1000 | D:2      | 1000 ||| READING scroll labelled VUFIM BIHU.
  1035 | D:3      | Noticed Pargi
  1036 | D:3      | 1036 ||| ZAPPING wand of flame (21) at -5,4 (Pargi; floor).
  1037 | D:3      | 1037 ||| ZAPPING wand of flame (20) at -4,3 (Pargi; floor).
  1040 | D:3      | 1040 ||| ZAPPING wand of flame (19) at -2,1 (Pargi; floor).
  1041 | D:3      | 1041 ||| ZAPPING wand of flame (18) at -1,0 (Pargi;
                  | open_door).
  1042 | D:3      | 1042 ||| ZAPPING wand of flame (17) at -1,0 (Pargi;
                  | open_door).
  1043 | D:3      | 1043 ||| ZAPPING wand of flame (16) at -1,0 (Pargi;
                  | open_door).
  1044 | D:3      | 1044 ||| ZAPPING wand of flame (15) at -1,0 (Pargi;
                  | open_door).
  1045 | D:3      | 1045 ||| ZAPPING wand of flame (14) at -1,0 (Pargi;
                  | open_door).
  1046 | D:3      | 1046 ||| ZAPPING wand of flame (13) at -1,0 (Pargi;
                  | open_door).
  1047 | D:3      | 1047 ||| ZAPPING wand of flame (12) at -1,0 (Pargi;
                  | open_door).
  1047 | D:3      | Killed Pargi
  1048 | D:3      | Reached skill level 8 in Ranged Weapons
  1048 | D:3      | Reached XP level 5. HP: 9/29 MP: 7/7
  1049 | D:3      | 1049 ||| FLEEEEING.
  1050 | D:3      | 1050 ||| FLEEEEING.
  1078 | D:3      | 1078 ||| FLEEEEING.
  1166 | D:3      | HP: 6/29 [gnoll/+0 spear (3)]
  1166 | D:3      | HP: 2/29 [gnoll/+1 spear of flaming (4)]
  1167 | D:3      | 1167 ||| DRINKING potion of heal wounds.
  1170 | D:3      | Reached skill level 9 in Ranged Weapons
  1171 | D:3      | HP: 7/29 [gnoll/+0 spear (3)]
  1172 | D:3      | Slain by a gnoll

Levels and vault maps discovered:
D:1:      dpeg_arrival_long_road, layout_rooms, roderic_serpentine_path,
          dk_noncrumbling_4
D:2:      layout_basic, basic_altar, uniq_terence
D:3:      minmay_evil_eye, layout_basic, uniq_pargi, uniq_grinder

Skill      XL: |  1  2  3  4  5 |
---------------+----------------+-----
Ranged Weapons | 7 8 9 |  9.0
Fighting       | |  1.7
Dodging        | |  2.4
Stealth        | |  1.2

Action                     |  1- 3 |  4- 6 || total
---------------------------+-------+-------++-------
   Fire: Shortbow          |    82 |    38 ||   120
  Evoke: Wand              |       |    10 ||    10
    Use: Scroll            |     3 |     2 ||     5
         Potion            |       |     1 ||     1
 Armour: Ring mail         |     5 |    26 ||    31
  Dodge: Dodged            |     9 |    19 ||    28

Table legend:
 A = Non-vault XP
 B = Vault XP
 C = Vault XP percentage of total XP
 D = Non-vault monster count
 E = Vault monster count
 F = Vault count percentage of total count
                 A         B        C        D         E       F
            +---------+---------+-------+---------+---------+-------
      Total |     125 |     168 |  57.3 |      41 |       2 |   4.7
            +---------+---------+-------+---------+---------+-------
        D:1 |      27 |       0 |   0.0 |      17 |       0 |   0.0
        D:2 |      45 |      36 |  44.4 |      17 |       1 |   5.6
        D:3 |      53 |     132 |  71.4 |       7 |       1 |  12.5
            +---------+---------+-------+---------+---------+-------
